 Dungeon Crawl Stone Soup version 0.25-a0-565-g8875c97ebb (webtiles) character file.

Game seed: 1591745191586887400, levelgen mode: deterministic

87899 Flugslaktarn the Warrior (level 15, 0/154 HPs)
             Began as a Minotaur Fighter on Feb 26, 2020.
             Was an Initiate of Gozag.
             Shot with a bolt by a naga sharpshooter (21 damage)
             ... on level 3 of the Snake Pit.
             The game lasted 00:13:13 (22542 turns).

Flugslaktarn the Warrior (Minotaur Fighter)        Turns: 22542, Time: 00:13:13

Health: 0/154      AC: 16    Str: 27    XL:     15   Next: 45%
Magic:  14/14      EV: 12    Int: 12    God:    Gozag
Gold:   972        SH: 14    Dex: 16    Spells: 14/14 levels left

rFire    + . .     SeeInvis .   H - +7 hand axe (vamp)
rCold    + + .     Gourm    .   G - +0 kite shield
rNeg     . . .     Faith    .   E - +0 chain mail of Fashionability {rPois MR- Regen+ Int+7}
rPois    +         Spirit   .   (helmet restricted)
rElec    .         Reflect  .   (no cloak)
rCorr    .         Harm     .   (no gloves)
MR       .....                  C - +2 pair of boots
Stlth    ..........             (no amulet)
HPRegen  0.75/turn              c - ring of protection from cold
MPRegen  0.14/turn              S - ring "Zoyg" {rPois rF+ rC+ Dex+6}

@: lethally poisoned (0 -> 0), gold aura, studying Fighting
A: retaliatory headbutt, horns 2
a: Potion Petition, Call Merchant, Bribe Branch, Renounce Religion


You were on level 3 of the Snake Pit.
You worshipped Gozag.
Gozag was pleased with you.
You were hungry.

You visited 3 branches of the dungeon, and saw 22 of its levels.
You also visited: Ice Cave.

You collected 6493 gold pieces.
You spent 1453 gold pieces at shops.
You paid 4068 gold pieces to Gozag.

Inventory:

Hand Weapons
 a - a +1 war axe of flaming
 H - a +7 vampiric hand axe (weapon)
   (You bought it in a shop on level 11 of the Dungeon)
 Q - a +3 broad axe of venom
   (You bought it in a shop on level 11 of the Dungeon)
Missiles
 x - 2 throwing nets (quivered)
Armour
 g - a +0 plate armour
   (You took it off an orc warrior on level 6 of the Dungeon)
 C - a +2 pair of boots (worn)
   (You found it on level 8 of the Dungeon)
 E - the +0 chain mail of Fashionability (worn) {rPois MR- Regen+ Int+7}
   (You found it on level 10 of the Dungeon)

   It affects your intelligence (+7).
   It protects you from poison.
   It affects your resistance to hostile enchantments.
   It increases your rate of regeneration.
   If you remove this armour, your AC will decrease by 13 (16 -> 3).
 G - a +0 kite shield (worn)
Jewellery
 c - a ring of protection from cold (left hand)
   (You found it on level 1 of the Dungeon)
 i - an uncursed ring of see invisible
   (You found it on level 5 of the Dungeon)
 y - an uncursed ring of fire
   (You found it on level 9 of the Dungeon)
 L - an uncursed ring of protection from cold
   (You found it in an ice cave)
 S - the ring "Zoyg" (right hand) {rPois rF+ rC+ Dex+6}
   (You found it on level 3 of the Lair of Beasts)

   [ring of dexterity]

   It affects your dexterity (+6).
   It protects you from fire.
   It protects you from cold.
   It protects you from poison.
Wands
 o - a wand of iceblast (13)
   (You found it on level 4 of the Dungeon)
 s - a wand of paralysis (18)
   (You took it off an orc wizard on level 8 of the Dungeon)
Scrolls
 b - 3 scrolls of enchant weapon
 f - 3 scrolls of magic mapping
 m - 3 scrolls of fog
 r - a scroll of identify
 t - 10 scrolls of teleportation
 v - 7 scrolls of remove curse
 z - 6 scrolls of blinking
Potions
 d - 6 potions of might
 h - 2 potions of haste
 k - a potion of cancellation
 l - 3 potions of magic
 n - 2 potions of resistance
 p - 2 potions of berserk rage
 q - 8 potions of curing
 u - 3 potions of flight
 A - 3 potions of stabbing
 B - 2 potions of brilliance
 D - 3 potions of mutation
 F - 3 potions of lignification
 P - 2 potions of ambrosia {unknown}
 V - 2 potions of invisibility
Books
 O - a manual of Fighting
   (You found it on level 14 of the Dungeon)
Comestibles
 e - 13 rations


   Skills:
 * Level 19.6 Fighting
 * Level 17.9 Axes
 + Level 13.5 Armour
 + Level 5.9 Dodging
 + Level 13.6 Shields


You had 14 spell levels left.
You didn't know any spells.
Your spell library was empty.

Dungeon Overview and Level Annotations

Branches:
Dungeon (15/15)            Temple (0/1) D:6            Lair (4/6) D:11
 Shoals (0/4) Lair:4        Snake (3/4) Lair:3          Orc (0/2) D:12
 Vaults (0/5) D:13         Depths (0/5) D:15          IceCv (visited)

Altars:
Cheibriados
Dithmenos
Gozag
Nemelex Xobeh
Qazlal
Ru
Sif Muna
Vehumet
Wu Jian
Xom

Shops:
D:5 (   D:11 *(   Lair:3 ((   Snake:1 ?

Annotations:
D:3 3 runed translucent doors, Flugslaktarn's ghost, amateur MiFi
D:5 2 transporters
Lair:4 exclusion: 2 oklob plants


Innate Abilities, Weirdness & Mutations

You reflexively headbutt those who attack you in melee.
You have a pair of horns on your head.


Message History

You block the salamander's attack. You block the naga mage's attack.
The naga mage barely misses you.
The naga mage shouts!
You hit the naga.
You feel better.
You headbutt the naga.
You kill the naga!
You slash the salamander! You hit the nagaraja.
You feel better.
The naga mage is no longer distracted by gold.
The salamander becomes distracted by the nearby gold, dreaming of imaginary riches.
You block the salamander's attack. The nagaraja hits you with a +0 flail!
* * * LOW HITPOINT WARNING * * *
x2 The nagaraja constricts you.
You escape the nagaraja's grasp.
The naga mage becomes distracted by the nearby gold, dreaming of imaginary riches.
The naga mage gestures at you while chanting.
You block the poison arrow.
The naga sharpshooter mumbles some strange words.
The naga sharpshooter magically shoots a bolt.
The bolt hits you!!
You die...
Your body crumbles into a pile of gold.

#... ......
+......... .
##...?.... ..
####........ ...
........... ..
......#.#.#.#...
$ .....#N.NN...#
#..N$$@#
#.N#N(<#
#..NN##N# #..#S


#NS #. .. NSN. # (#. ..#.. ...# .#... #+ . .... . ...% You could see a naga
warrior, a nagaraja, a naga sharpshooter, 4 salamanders, 2 black mambas and 4
naga magi.

Vanquished Creatures
  A nagaraja (Snake:2)
  A frost giant (IceCv)
  Erolcha (D:10)
  6 hydras
  A rakshasa (D:15)
  A vault guard (D:13)
  A catoblepas (D:13)
  A naga warrior (Snake:2)
  A death knight (D:15)
  6 centaur warriors
  2 anacondas (Snake:3)
  A death yak (IceCv)
  9 two-headed ogres
  A tengu warrior (D:14)
  2 naga sharpshooters (Snake:2)
  Sonja (D:10)
  2 unseen horrors
  3 skeletal warriors
  2 naga ritualists (Snake:2)
  2 wizards (D:15)
  A necromancer (D:15)
  Pikel (D:6)
  5 deep elf magi
  2 mana vipers (Snake:2)
  An oklob plant (D:11)
  9 ugly things
  5 manticores
  An orc sorcerer (D:15)
  2 wolf spider zombies
  A salamander (Snake:2)
  A cyclops (D:15)
  13 black mambas
  2 centaur zombies
  4 naga magi
  2 gargoyles
  3 spiny frogs
  An ice statue (IceCv)
  A rime drake (shapeshifter) (D:14)
  2 ice devils (D:14)
  A freezing wraith (D:15)
  3 rime drakes (IceCv)
  An efreet (D:14)
  5 yaktaurs (D:15)
  5 komodo dragons
  A merfolk (D:11)
  4 trolls
  12 polar bears (IceCv)
  3 meliai (D:15)
  8 blink frogs
  A harpy skeleton (D:15)
  9 slime creatures
  6 hippogriffs
  A snapping turtle (Lair:4)
  An air elemental (D:14)
  2 centaur simulacra (D:14)
  2 shadows
  4 wraiths
  37 yaks
  A vampire (D:14)
  6 wyverns
  Eustachio (D:4)
  A fire elemental (D:14)
  3 basilisks
  2 water elementals (D:14)
  3 hungry ghosts
  A steam dragon (D:11)
  10 vampire mosquitoes
  A soldier ant (D:12)
  12 nagas
  An acid dragon (D:14)
  8 water moccasins
  5 porcupines
  A floating eye (D:15)
  5 ice beasts
  2 black bears
  4 phantoms
  A hornet zombie (D:14)
  10 orc warriors
  6 sky beasts
  2 necrophages
  5 ogres
  5 boggarts (D:15)
  29 wolves
  15 centaurs
  3 crocodiles
  5 big kobolds
  An earth elemental (D:14)
  15 bullfrogs
  A wyvern zombie (D:15)
  A wyvern skeleton (D:14)
  4 scorpions
  A hornet simulacrum (D:14)
  3 wights (D:13)
  8 killer bees
  10 howler monkeys
  An electric eel (D:14)
  4 crimson imps
  6 hounds
  A jelly (D:15)
  11 orc priests
  19 orc wizards
  2 bullfrog skeletons
  7 centaur skeletons
  5 iguanas
  6 worker ants
  2 worker ant zombies
  6 gnolls (D:8)
  9 adders
  A shadow imp (D:14)
  3 white imps (D:14)
  An ufetubus (D:14)
  4 adder skeletons
  A worm (D:9)
  A dart slug (D:2)
  5 leopard geckos
  65 orcs
  2 giant cockroaches
  3 goblins
  3 hobgoblins (D:1)
  11 jackals
  25 kobolds
  5 quokkas
  2 bats
  3 frilled lizards
  A rat (D:2)
  A butterfly (Lair:4)
  3 plants
619 creatures vanquished.

Vanquished Creatures (others)
  A water elemental (D:14)
  A white imp (D:14)
  2 fungi
  A plant (D:3)
5 creatures vanquished.

Grand Total: 624 creatures vanquished

Notes
Turn   | Place    | Note
-------+----------+-------------------------------------------
     0 | D:1      | Flugslaktarn the Minotaur Fighter began the quest for the
                  | Orb.
     0 | D:1      | Reached XP level 1. HP: 19/19 MP: 0/0
   178 | D:1      | Reached XP level 2. HP: 27/27 MP: 1/1
   292 | D:2      | Found a shimmering blue altar of Sif Muna.
   300 | D:2      | Reached skill level 4 in Fighting
   300 | D:2      | Reached XP level 3. HP: 28/33 MP: 2/2
   479 | D:3      | Reached XP level 4. HP: 24/41 MP: 3/3
   675 | D:3      | Found a runed translucent gate.
   675 | D:3      | Noticed a big kobold
   676 | D:3      | Found a runed translucent gate.
   676 | D:3      | Found a runed translucent gate.
   676 | D:3      | Noticed a big kobold
   676 | D:3      | Noticed Flugslaktarn's ghost (amateur MiFi)
   677 | D:3      | Noticed a big kobold
   782 | D:4      | Found a sacrificial altar of Ru.
   901 | D:4      | Reached skill level 5 in Fighting
   901 | D:4      | Reached XP level 5. HP: 41/48 MP: 4/4
  1098 | D:4      | Reached skill level 5 in Axes
  1098 | D:4      | Reached XP level 6. HP: 49/56 MP: 5/5
  1328 | D:4      | Found a stormy altar of Qazlal.
  1632 | D:4      | Noticed Eustachio
  1655 | D:4      | Killed Eustachio
  1655 | D:4      | Reached skill level 6 in Fighting
  1655 | D:4      | Reached skill level 5 in Armour
  1655 | D:4      | Reached skill level 5 in Shields
  1655 | D:4      | Reached XP level 7. HP: 54/63 MP: 6/6
  1751 | D:4      | Found a radiant altar of Vehumet.
  1848 | D:5      | Entered Level 5 of the Dungeon
  1848 | D:5      | Found an opulent altar of Gozag.
  1855 | D:5      | Became a worshipper of Gozag Ym Sagoz the Greedy
  1903 | D:5      | Found a transporter.
  2152 | D:5      | Reached skill level 7 in Fighting
  2503 | D:5      | Found a transporter.
  2799 | D:5      | Found Zorilukita's Antique Weapon Shoppe.
  2958 | D:6      | Found a staircase to the Ecumenical Temple.
  2984 | D:6      | Noticed a yak
  2984 | D:6      | Noticed a yak
  2984 | D:6      | Noticed a yak
  2984 | D:6      | Noticed a yak
  2984 | D:6      | Noticed a yak
  2993 | D:6      | Killed a yak
  2993 | D:6      | Reached XP level 8. HP: 49/73 MP: 7/7
  3000 | D:6      | Reached skill level 8 in Fighting
  3008 | D:6      | HP: 1/74 [yak (11)]
  3765 | D:6      | Found a shadowy altar of Dithmenos.
  3895 | D:6      | Reached XP level 9. HP: 75/82 MP: 8/8
  3975 | D:6      | Noticed Pikel
  3980 | D:6      | Killed Pikel
  3980 | D:6      | Reached skill level 9 in Fighting
  4440 | D:7      | Found an ornate altar of the Wu Jian Council.
  4843 | D:7      | Found a sparkling altar of Nemelex Xobeh.
  5187 | D:8      | Noticed a two-headed ogre
  5194 | D:8      | Killed a two-headed ogre
  5194 | D:8      | Reached skill level 10 in Fighting
  5332 | D:8      | Reached skill level 10 in Axes
  5665 | D:8      | Noticed a troll
  5673 | D:8      | Noticed a two-headed ogre
  5676 | D:8      | Killed a troll
  5676 | D:8      | Reached XP level 10. HP: 43/93 MP: 9/9
  5687 | D:8      | Killed a two-headed ogre
  5690 | D:8      | Reached skill level 11 in Fighting
  6508 | D:9      | Found a snail-covered altar of Cheibriados.
  7513 | D:10     | Entered Level 10 of the Dungeon
  7576 | D:10     | Noticed Sonja
  7587 | D:10     | Killed Sonja
  7587 | D:10     | Reached skill level 12 in Fighting
  7587 | D:10     | Reached XP level 11. HP: 75/104 MP: 10/10
  8158 | D:10     | Got an ichor-stained chain mail
  8169 | D:10     | Identified the cursed +0 chain mail of Fashionability
                  | {rPois MR- Regen+ Int+7} (You found it on level 10 of the
                  | Dungeon)
  8299 | D:10     | Noticed Erolcha
  8314 | D:10     | Killed Erolcha
  8493 | D:11     | Noticed a brown ugly thing
  8500 | D:11     | Killed a brown ugly thing
  8565 | D:11     | Noticed an oklob plant
  8597 | D:11     | Noticed a green ugly thing
  8611 | D:11     | Killed a green ugly thing
  8879 | D:11     | Found a staircase to the Lair.
  9233 | D:11     | Found Holomaeg's Assorted Antiques.
  9241 | D:11     | Bought a small sapphire ring for 145 gold pieces
  9241 | D:11     | Bought a smoky amethyst potion for 26 gold pieces
  9241 | D:11     | Bought a fizzy ruby potion for 26 gold pieces
 10077 | D:12     | Noticed a skeletal warrior
 10078 | D:12     | Noticed a skeletal warrior
 10079 | D:12     | Noticed a skeletal warrior
 10085 | D:12     | Noticed a two-headed ogre
 10086 | D:12     | Killed a skeletal warrior
 10086 | D:12     | Reached skill level 13 in Fighting
 10474 | D:11     | Killed a skeletal warrior
 10474 | D:11     | Reached skill level 10 in Shields
 10755 | D:12     | Killed a two-headed ogre
 10755 | D:12     | Reached skill level 10 in Armour
 10758 | D:12     | Killed a skeletal warrior
 11150 | D:12     | Noticed a two-headed ogre
 11155 | D:12     | Killed a two-headed ogre
 11174 | D:12     | Noticed a green ugly thing
 11175 | D:12     | Noticed a deep elf mage
 11180 | D:12     | Reached XP level 12. HP: 106/115 MP: 11/11
 11545 | D:11     | Bought a +3 vorpal broad axe for 368 gold pieces
 11823 | D:12     | Reached skill level 14 in Fighting
 12113 | D:12     | Found a staircase to the Orcish Mines.
 12303 | D:11     | Bought a +7 vampiric hand axe for 736 gold pieces
 12563 | D:13     | Noticed a vault guard
 12572 | D:13     | Killed a vault guard
 12596 | D:13     | Found a gate to the Vaults.
 12695 | D:13     | Noticed a centaur warrior
 12704 | D:13     | Killed a centaur warrior
 12823 | D:13     | Noticed a catoblepas
 12837 | D:13     | Killed a catoblepas
 13602 | D:14     | Found a frozen archway.
 13636 | IceCv    | Entered an ice cave
 13746 | IceCv    | Reached skill level 15 in Fighting
 13765 | IceCv    | Noticed a death yak
 13786 | IceCv    | Killed a death yak
 13786 | IceCv    | Reached XP level 13. HP: 126/126 MP: 12/12
 13896 | IceCv    | Reached skill level 15 in Axes
 14276 | IceCv    | Noticed a frost giant
 14294 | IceCv    | Killed a frost giant
 15183 | D:14     | Reached skill level 16 in Fighting
 15621 | D:14     | Found a large runed translucent door.
 15621 | D:14     | Found a large runed translucent door.
 16383 | D:14     | Reached skill level 1 in Dodging
 16383 | D:14     | Reached XP level 14. HP: 132/138 MP: 13/13
 16801 | D:15     | Entered Level 15 of the Dungeon
 16821 | D:15     | Reached skill level 17 in Fighting
 17888 | D:15     | Reached skill level 18 in Fighting
 18220 | D:15     | Found a staircase to the Depths.
 18480 | Lair:1   | Entered Level 1 of the Lair of Beasts
 19466 | Lair:3   | Got a clouded tin ring
 19717 | Lair:3   | Found a shimmering altar of Xom.
 20329 | Lair:3   | Reached XP level 15. HP: 114/150 MP: 14/14
 20440 | Lair:3   | You fall into a shaft and drop 1 floor!
 20799 | Lair:4   | Reached skill level 5 in Dodging
 21157 | Lair:4   | Found a staircase to the Shoals.
 21506 | Lair:3   | Found a staircase to the Snake Pit.
 21676 | Lair:3   | Identified the ring "Zoyg" {rPois rF+ rC+ Dex+6} (You found
                  | it on level 3 of the Lair of Beasts)
 21800 | Snake:1  | Entered Level 1 of the Snake Pit
 21830 | Snake:1  | Noticed a nagaraja
 21839 | Snake:1  | Found Oxzynip's Magic Scroll Shop.
 21856 | Snake:1  | Bought a scroll of enchant weapon for 120 gold pieces
 21856 | Snake:1  | Bought a scroll of fog for 32 gold pieces
 21876 | Snake:1  | Reached skill level 19 in Fighting
 21962 | Snake:2  | Noticed a nagaraja
 21975 | Snake:2  | Killed a nagaraja
 22064 | Snake:2  | HP: 7/152 [naga sharpshooter/arrow (21)]
 22065 | Snake:2  | HP: 1/152 [naga sharpshooter/arrow (15)]
 22520 | Snake:3  | Noticed a nagaraja
 22542 | Snake:3  | Shot with a bolt by a naga sharpshooter

Levels and vault maps discovered:
D:1:      ncdulo_smallfort, layout_basic
D:2:      layout_basic, old_standard_altar, marbit_many_paths,
          minmay_liquid_box, lemuel_statue_altar
D:3:      layout_rooms, old_standard_altar, gup_sewer_entry_pipe,
          gammafunk_ghost_nasty_kobolds
D:4:      layout_loops_ring, nicolae_qazlal_eye_of_the_storm,
          lemuel_round_altar, hangedman_ru_absence, uniq_eustachio
D:5:      gammafunk_cloud_chamber, layout_basic, overflow_temple_1_default,
          first_ration, serial_shops, shop
D:6:      layout_basic, lemuel_coloured_pillars_altar,
          minmay_temple_entry_statues, serial_corexii_hall,
          chequers_hall_statues_corner_a, chequers_hall_statues_corner_a,
          corexii_hall_statues_x, corexii_hall_statues_s,
          corexii_hall_statues_l, corexii_hall_statues_x, uniq_pikel
D:7:      layout_basic, nemelex_altar_shiori, nicolae_overflow_crystal_walls
D:8:      layout_rooms
D:9:      layout_gridville, slow_altar_1
D:10:     layout_irregular_city, uniq_sonja, uniq_erolcha
D:11:     layout_loops_ring, dpeg_oklobed_lair, serial_shops, shop,
          hangedman_fish_farm, grunt_ministairs_7
D:12:     layout_long_grid, hiddenorc1_lemuel
D:13:     layout_gridville, david_vaults_5
D:14:     minmay_thinvault, layout_basic, minmay_fountain_box, serial_ice,
          serial_ice_f, serial_ice_c, serial_ice_e, serial_ice_g, serial_ice_j,
          serial_ice_n, serial_ice_b, serial_ice_m, serial_ice_d, serial_ice_a,
          portal_ice_cave_demonic_guard, lightli_elemental_guards
D:15:     grunt_enter_depths_magical_seal, layout_rooms, onia_ninara_cookie
Lair:1:   layout_cave_pods, st_stairs_13, grunt_megastairs_2
Lair:2:   layout_hall_layers
Lair:3:   layout_layer_cave, minmay_snake_entry_guardpost_medium, basic_altar,
          grunt_megastairs_5
Lair:4:   layout_regular_city, minmay_shoals_entry_hut,
          grunt_forest_small_clearings, minmay_lair_oklob_chamber,
          grunt_megastairs_4, infiniplex_staircase_pool_2, lemuel_fruit_fields
Snake:1:  layout_onion, serial_shops, shop, uniq_jorgrun, uniq_aizul
Snake:2:  layout_gridlike, nicolae_snake_double_loop, uniq_louise
Snake:3:  layout_cave_town, drop_trap, evilmike_ambush
          [evilmike_ambush_outer_pillars, evilmike_ambush_inner_cross],
          uniq_bai_suzhen

Skill      XL: |  1  2  3  4  5  6  7  8  9 10 11 12 13 14 15 |
---------------+----------------------------------------------+-----
Fighting       | 4 5 6 7 8 10 12 13 15 16 18 19 | 19.6
Axes           | 3 4 5 7 8 10 11 13 14 16 17 | 17.9
Armour         | 4 5 6 7 9 10 11 12 13 | 13.5
Shields        | 4 5 6 8 9 10 11 12 13 | 13.6
Dodging        | 1 4 5 |  5.9

Action                   |  1- 3 |  4- 6 |  7- 9 | 10-12 | 13-15 || total
-------------------------+-------+-------+-------+-------+-------++-------
Melee: War axe           |    51 |    73 |   248 |   386 |    65 ||   823
       Headbutt          |     4 |    13 |    56 |   185 |   401 ||   659
       Hand axe          |       |       |       |   193 |  1088 ||  1281
       Broad axe         |       |       |       |    96 |       ||    96
Invok: Potion Petition   |       |       |       |     2 |     2 ||     4
       Call Merchant     |       |       |       |     1 |     2 ||     3
Evoke: Wand              |       |       |       |     3 |       ||     3
  Use: Scroll            |       |       |     8 |    11 |    12 ||    31
       Potion            |       |       |       |     4 |     4 ||     8
 Stab: Distracted        |       |       |     1 |     5 |    12 ||    18
       Paralysed         |       |       |       |     2 |       ||     2
       Sleeping          |       |       |       |       |     7 ||     7
       Invisible         |       |       |       |       |     2 ||     2
  Eat: Chunk             |       |     2 |       |     2 |       ||     4
       Ration            |       |       |     4 |     8 |     9 ||    21
Armor: Scale mail        |    31 |     3 |       |       |       ||    34
       Chain mail        |       |    28 |    56 |     8 |    52 ||   144
       Plate armour      |       |       |    79 |   242 |   358 ||   679
Dodge: Dodged            |    16 |    12 |    39 |   106 |   251 ||   424
Block: Kite shield       |    30 |    28 |   146 |   355 |   617 ||  1176

Table legend:
 A = Non-vault XP
 B = Vault XP
 C = Vault XP percentage of total XP
 D = Non-vault monster count
 E = Vault monster count
 F = Vault count percentage of total count
                 A         B        C        D         E       F
            +---------+---------+-------+---------+---------+-------
      Total |   75755 |   49816 |  39.7 |     453 |     163 |  26.5
            +---------+---------+-------+---------+---------+-------
        D:1 |      12 |       0 |   0.0 |       7 |       0 |   0.0
        D:2 |      67 |       0 |   0.0 |      13 |       0 |   0.0
        D:3 |      81 |       0 |   0.0 |       6 |       0 |   0.0
        D:4 |     400 |     203 |  33.7 |      12 |       1 |   7.7
        D:5 |     552 |       0 |   0.0 |      26 |       0 |   0.0
        D:6 |    1507 |     641 |  29.8 |      22 |       1 |   4.3
        D:7 |     574 |       0 |   0.0 |      19 |       0 |   0.0
        D:8 |    3237 |       0 |   0.0 |      29 |       0 |   0.0
        D:9 |    2214 |       5 |   0.2 |      36 |       1 |   2.7
       D:10 |    1750 |    1817 |  50.9 |      18 |       2 |  10.0
       D:11 |    3486 |    1448 |  29.3 |      23 |       4 |  14.8
       D:12 |   10916 |     253 |   2.3 |      66 |      17 |  20.5
       D:13 |    5263 |    1665 |  24.0 |      30 |       4 |  11.8
       D:14 |    9219 |    9858 |  51.7 |      42 |      36 |  46.2
       D:15 |   10529 |   16700 |  61.3 |      28 |      32 |  53.3
     Lair:1 |     147 |     145 |  49.7 |       1 |       1 |  50.0
     Lair:2 |    1842 |       0 |   0.0 |       7 |       0 |   0.0
     Lair:3 |    5949 |     959 |  13.9 |      25 |       5 |  16.7
     Lair:4 |    2945 |     383 |  11.5 |      13 |       2 |  13.3
    Snake:1 |    1301 |       0 |   0.0 |       3 |       0 |   0.0
    Snake:2 |   12864 |       0 |   0.0 |      26 |       0 |   0.0
    Snake:3 |     900 |    2767 |  75.5 |       1 |       6 |  85.7
      IceCv |       0 |   12972 | 100.0 |       0 |      51 | 100.0
            +---------+---------+-------+---------+---------+-------
